 Dungeon Crawl Stone Soup version 0.19-a0-1368-g41a3d51 (webtiles) character file.

29 HenryFlower the Changer (level 3, 0/23 HPs)
             Began as an Octopode Transmuter on Sept 3, 2016.
             Slain by an ooze (3 damage)
             ... on level 1 of the Dungeon.
             The game lasted 00:01:42 (968 turns).

HenryFlower the Changer (Octopode Transmuter)        Turns: 968, Time: 00:01:42

Health: 0/23       AC:  1    Str:  9    XL:     3   Next: 16%
Magic:  5/6        EV: 13    Int: 16    God:
Gold:   39         SH:  0    Dex: 12    Spells: 1 memorised, 5 levels left

rFire  . . .     SeeInvis .       - Unarmed
rCold  . . .     Gourm    .     (no shield)
rNeg   . . .     Faith    .     (helmet restricted)
rPois  .         Spirit   .     (no amulet)
rElec  .         Dismiss  .     (no ring)
rCorr  .         Reflect  .     (no ring)
MR     .....     Harm     .     (no ring)
Stlth  ++........               (no ring)
                                (no ring)
                                (no ring)
                                (no ring)
                                (no ring)

@: appendage
A: almost no armour, stealthy swim, amphibious, 8 rings, constrict 8, tentacle
spike 3, camouflage 1, gelatinous body 1
a: End Transformation


You were on level 1 of the Dungeon.
You were not hungry.
One of your tentacles had a temporary spike.
You visited 1 branch of the dungeon, and saw 2 of its levels.

You collected 39 gold pieces.

Inventory:

Missiles
 a - 12 arrows
Scrolls
 h - a scroll of fear {unknown}
 i - a scroll of enchant armour {unknown}
 j - a scroll of random uselessness {unknown}
Potions
 e - a potion of haste {unknown}
 f - 2 potions of agility {unknown}
 g - 2 potions of magic {unknown}
Books
 b - a book of Changes

   Spells                             Type                      Level
   a - Beastly Appendage              Transmutation                1
   b - Sticks to Snakes               Transmutation                2
   c - Spider Form                    Transmutation/Poison         3
   d - Ice Form                       Ice/Transmutation            4
   e - Blade Hands                    Transmutation                5
Comestibles
 c - a bread ration
 d - 4 chunks of flesh


   Skills:
 - Level 1.0 Fighting
 - Level 2.0 Dodging
 - Level 3.0 Unarmed Combat
 - Level 2.0 Spellcasting
 + Level 3.5 Transmutations


You had 5 spell levels left.
You knew the following spells:

 Your Spells              Type           Power        Failure   Level  Hunger
a - Beastly Appendage     Tmut           ##....       6%          1    #......


Dungeon Overview and Level Annotations

Branches:
Dungeon (2/15)

Altars:


Innate Abilities, Weirdness & Mutations

You cannot wear most types of armour.
You are very stealthy in the water.
You are amphibious.
You can wear up to eight rings at the same time.
You can use your tentacles to constrict eight enemies at once.
Your skin changes colour to match your surroundings (Stealth+).
Your rubbery body absorbs attacks. (AC +1, EV +1)
One of your tentacles bears a large vicious spike.


Message History

The adder hisses angrily.
There is a stone staircase leading up here.
The adder falls through a shaft!
The shaft crumbles and collapses.
You climb upwards.
An ooze comes into view.
There is a stone staircase leading down here.
An ooze is nearby!
The ooze quivers.
Casting: Beastly Appendage
Confirm with . or Enter, or press ? or * to list all spells.
One of your tentacles grows a vicious spike.
You tentacle-slap the ooze. You squeeze the ooze.
The ooze is moderately wounded.
The ooze jiggles.
The ooze hits you.
* * * LOW HITPOINT WARNING * * *
You tentacle-slap the ooze.
The ooze is moderately wounded.
The ooze hits you.
You die...

....##.# #.....# #.#
##.#.#
######.#######.###.# #.#
##.## #..........# #.#
#.# ##...#
#....#####.###.#
#.####..... #.##.#
#.....####..).......
#.##.#
###.####......#.....
#.##.# #.# #.####.......
#.##.# #J# #.# ###.....
#####.##.# ####@# #.#
#..... ..J...##.#
#[...####.########...
########(#
#.#####..........###. #.#
#.#####.#.#.####.# #. #(#
##.##..>...#.# #.# #.
#.###...#.##.#.#.# #.# #.
#.##.#.#..##.....# #.# #.
########.#.......####.###
#.###. .........##.#.#.##
#.# #).##.


You could see an ooze.

Vanquished Creatures
  A worm (D:2)
  A dart slug (D:1)
  2 giant geckos (D:2)
  A giant cockroach (D:1)
  4 goblins (D:1)
  A hobgoblin (D:2)
  2 jackals (D:1)
  2 bats (D:1)
  A giant newt (D:1)
  4 kobolds
  4 rats
23 creatures vanquished.

Notes
Turn   | Place    | Note
-------+----------+-------------------------------------------
     0 | D:1      | HenryFlower the Octopode Transmuter began the quest for the Orb.
     0 | D:1      | Reached XP level 1. HP: 13/13 MP: 3/3
   137 | D:1      | Reached XP level 2. HP: 15/18 MP: 5/5
   854 | D:2      | Reached XP level 3. HP: 17/23 MP: 6/6
   863 | D:2      | HP: 1/23 [giant gecko (1)]
   968 | D:1      | Slain by an ooze

Vault maps used:
D:1:      dpeg_arrival_lava_altar
D:2:      item_on_display_a, uniq_iyjb

Skill      XL: |  1  2 |
---------------+-------+-----
Transmutations | 3 |  3.5
Fighting       | |  1.0
Dodging        | |  2.0
Unarmed Combat | |  3.0
Spellcasting   | |  2.0

Action                   || total
-------------------------++-------
Melee: Unarmed           ||    52
       Constrict         ||    15
       Tentacles         ||     9
 Cast: Beastly Appendage ||     1
 Stab: Sleeping          ||     4
Armor: Skin              ||     7
Dodge: Dodged            ||    32
